 Dungeon Crawl Stone Soup version 0.29-a0-993-g4a18f31a58 (webtiles) character file.

Game seed: 16133423662265625649

111 iguanaiguana the Digger (level 4, -1/24 HPs)
             Began as a Gargoyle Earth Elementalist on Aug 3, 2022.
             Slain by an ogre
             ... wielding a +0 giant club
              (13 damage)
             ... on level 3 of the Dungeon.
             The game lasted 00:05:02 (2736 turns).

iguanaiguana the Digger (GrEE)                      Turns: 2736, Time: 00:05:02

Health: -1/24      AC:  5    Str: 11    XL:     4   Next: 92%
Magic:  7/7        EV: 11    Int: 18    God:
Gold:   102        SH:  0    Dex: 10    Spells: 3/7 levels left

rFire   . . .      SeeInvis .   f - +3 dagger
rCold   . . .      Faith    .   (no shield)
rNeg    + . .      Spirit   .   a - +0 robe
rPois   ∞          Reflect  .   (no helmet)
rElec   +          Harm     .   (no cloak)
rCorr   .          Rampage  .   (no gloves)
Will    .....                   (no boots)
Stlth   ++........              (no amulet)
HPRegen 0.08/turn               (no ring)
MPRegen 0.10/turn               (no ring)

@: no status effects
A: sickness immunity, AC +3, negative energy resistance 1, electricity
resistance, torment resistance 1, petrification resistance
a: no special abilities


You were on level 3 of the Dungeon.
You visited 1 branch of the dungeon, and saw 4 of its levels.

You collected 102 gold pieces.

Inventory:

Hand Weapons
 f - a +3 dagger (weapon)
Missiles
 q - 2 poisoned darts
Armour
 a - a +0 robe (worn)
Jewellery
 n - an amulet of regeneration
 o - a ring of flight
Scrolls
 g - 2 scrolls of noise {unknown}
 h - a scroll of enchant armour {unknown}
 j - 3 scrolls of butterflies {unknown}
 k - a scroll of amnesia {unknown}
 l - 2 scrolls of teleportation {unknown}
 m - 2 scrolls of vulnerability {unknown}
 s - a scroll of brand weapon {unknown}
Potions
 b - a potion of magic
 c - a potion of lignification {unknown}
 d - 2 potions of heal wounds {unknown}
 e - a potion of brilliance {unknown}
 i - 3 potions of curing {unknown}
 p - a potion of berserk rage {unknown}
 r - a potion of degeneration {unknown}


   Skills:
 - Level 1.5 Dodging
 - Level 2.2 Stealth
 - Level 2.0 Spellcasting
 + Level 2.0 Conjurations
 - Level 0.7 Transmutations
 - Level 6.0 Earth Magic


You had 3 spell levels left.
You knew the following spells:

 Your Spells              Type           Power      Damage    Failure   Level
a - Sandblast             Erth           46%        2d11      1%          1
b - Stone Arrow           Conj/Erth      32%        3d9       11%         3

Your spell library contained the following spells:

 Spells                   Type           Power      Damage    Failure   Level
 Passwall                 Tmut/Erth      11%        N/A       7%          2
 Foxfire                  Conj/Fire      20%        2x1d5     12%         1
 Slow                     Hex            4%         N/A       19%         1
 Scorch                   Fire           2%         2d5       26%         2
 Conjure Flame            Conj/Fire      5%         6-21      34%         3
 Confusing Touch          Hex            1%         N/A       47%         3
 Inner Flame              Hex/Fire       1%         N/A       47%         3
 Vampiric Draining        Necr           1%         2d6       47%         3
 Petrify                  Tmut/Erth      14%        N/A       41%         4
 Flame Wave               Conj/Fire      5%         2d5       75%         4
 Corpse Rot               Necr/Pois/Air  1%         N/A       87%         4
 Dispel Undead            Necr           1%         3d6       87%         4
 Death Channel            Necr           0%         N/A       100%        6
 Summon Cactus Giant      Summ           0%         N/A       100%        6


Dungeon Overview and Level Annotations

Branches:
Dungeon (4/15) Zot: 21189
 Temple: D:4-7

Altars:
Fedhas
Zin

Annotations:
D:4 exclusion: upstairs, Dowan, Duvessa


Innate Abilities, Weirdness & Mutations

You are immune to sickness and miasma.
Your stone body is resilient. (AC +3)
You are immune to poison.
You resist negative energy. (rN+)
You are resistant to electric shocks. (rElec)
You are resistant to unholy torment.
You are immune to petrification.


Message History

You hit the iguana.
You kill the iguana!
Your Conjurations skill gained 2 levels and is now at level 2!
You start resting.
Your magical contamination has completely faded away.
Casting: Sandblast (safe; 1% risk of failure)
Confirm with . or Enter, or press ? or * to list all spells.
Okay, then.
There is an escape hatch in the ceiling here.
There is a stone staircase leading down here.
You aren't carrying any items that you can evoke.
You start resting.
Magic restored.
You start resting.
HP restored.
You climb downwards.
Level annotation: exclusion: upstairs, Dowan, Duvessa
There is a stone staircase leading up here.
Casting: Sandblast (safe; 1% risk of failure)
Confirm with . or Enter, or press ? or * to list all spells.
Aiming: Sandblast (safe; 1% risk of failure)
Press: ? - help, Shift-Dir - straight line, f - ball python
Aim: a ball python (asleep, 100% to hit)
The blast of sand hits the ball python!
You kill the ball python!
Magic restored.
A giant cockroach comes into view.
An ogre comes into view. It is wielding a +0 giant club.
The ogre shouts!
The ogre attacks as you move away!
There is a stone staircase leading up here.
You climb upwards.
There is a stone staircase leading down here.
The ogre attacks as you move away! The ogre attacks as you move away!
The ogre hits you with a +0 giant club!
Ouch! That really hurt!
* * * LOW HITPOINT WARNING * * *
The ogre attacks as you move away! The ogre hits you with a +0 giant club!
Ouch! That really hurt!
You die...

#####....#.## #.....
######.....#....### #.....
##......######.....####.....
#..###### ##.###..........
##.## #..# ########.#. #..##
###.## #.## #...### #...#
#.# ###...### #.### #.#
###...####@# #.# ###....O.#
#[# ####...# #.# ##....##
#.# #..##.# #.# #.###.###
#.# #.###.#.# #########.##
#.......# #...........
#..##...####'####......


You could see an ogre.

Vanquished Creatures
  An iguana (D:3)
  2 adders (D:2)
  A dart slug (D:1)
  10 bats
  3 endoplasms
  4 giant cockroaches (D:1)
  7 goblins
  4 hobgoblins (D:1)
  5 jackals
  7 kobolds
  A quokka (D:2)
  6 ball pythons
  4 frilled lizards
  6 rats
61 creatures vanquished.

Notes
Turn   | Place    | Note
-------+----------+-------------------------------------------
     0 | D:1      | iguanaiguana the Gargoyle Earth Elementalist began the
                  | quest for the Orb.
     0 | D:1      | Reached XP level 1. HP: 10/10 MP: 3/3
    77 | D:1      | Reached skill level 4 in Earth Magic
   115 | D:1      | Reached XP level 2. HP: 15/15 MP: 3/5
   663 | D:1      | Found a faded altar of an unknown god.
   747 | D:1      | Reached XP level 3. HP: 19/19 MP: 4/6
   848 | D:1      | Reached skill level 5 in Earth Magic
  1291 | D:2      | Reached XP level 4. HP: 24/24 MP: 5/7
  1394 | D:2      | You fall into a shaft and drop 1 floor!
  1843 | D:2      | Reached skill level 6 in Earth Magic
  1847 | D:2      | Learned a level 3 spell: Stone Arrow
  2264 | D:3      | Found a glowing silver altar of Zin.
  2405 | D:3      | Found a blossoming altar of Fedhas.
  2516 | D:4      | Noticed Duvessa
  2516 | D:4      | Noticed Dowan
  2684 | D:4      | Noticed an ogre
  2736 | D:3      | Slain by an ogre

Illustrated notes

Levels and vault maps discovered:
D:1:      dpeg_arrival_tiny_k, layout_rooms, chequers_ecumenical_altar_twisty
D:2:      layout_loops_ring
D:3:      layout_rooms, general_overflow_altar, zin_scriptorium
D:4:      layout_cave_pools, slow_altar_2, minmay_diced_spiral, uniq_edmund,
          uniq_robin, uniq_duvessa

Skill      XL: |  1  2  3  4 |
---------------+-------------+-----
Earth Magic    | 4 5 6 |  6.0
Conjurations   | 2 |  2.0
Dodging        | |  1.5
Stealth        | |  2.2
Spellcasting   | |  2.0
Transmutations | |  0.7

Action                   |  1- 3 |  4- 6 || total
-------------------------+-------+-------++-------
Melee: Dagger            |     1 |     1 ||     2
 Cast: Sandblast         |    48 |    26 ||    74
       Stone Arrow       |       |     1 ||     1
Armor: Robe              |    14 |     4 ||    18
Dodge: Dodged            |    18 |    11 ||    29

Table legend: (Time is in decaauts)
 A = Elapsed time spent in this place.
 B = Non-inter-level travel time spent in this place.
 C = Inter-level travel time spent in this place.
 D = Time resting spent in this place.
 E = Time spent auto-exploring this place.
 F = Levels seen in this place.
 G = Mean time per level.
                   A        B        C        D        E       F      G
               +--------+--------+--------+--------+--------+-----+--------+
         Total |   2810 |   2655 |    155 |    458 |   1786 |   4 |  702.5 |
       Dungeon |   2810 |   2655 |    155 |    458 |   1786 |   4 |  702.5 |
               +--------+--------+--------+--------+--------+-----+--------+

Top non-repeatable levels by time:
     D:1: 1230 daAuts
     D:2: 783 daAuts
     D:3: 757 daAuts
     D:4: 40 daAuts
